 Dungeon Crawl Stone Soup version 0.30.0-29-ga12c61a403 (webtiles) character file.

Game seed: 12914109527809541124

10483 qw the Cleaver (level 11, -1/71 HPs)
             Began as a Gargoyle Fighter on June 3, 2023.
             Was an Elder of Okawaru.
             Slain by a meliai simulacrum (20 damage)
             ... in a Gauntlet.
             The game lasted 00:04:43 (9468 turns).

qw the Cleaver (Gargoyle Fighter)                   Turns: 9468, Time: 00:04:43

Health: -1/71      AC: 22    Str: 24    XL:     11   Next: 62%
Magic:  16/16      EV: 26    Int: 11    God:    Okawaru [****..]
Gold:   374        SH:  8    Dex: 15    Spells: 10/10 levels left

rFire   + . .        r - +1 war axe (spect)
rCold   . . .        g - +2 buckler
rNeg    + . .        e - +0 scale mail "Vyarugh" {Regen+}
rPois   inf          (no helmet)
rElec   +            (no cloak)
rCorr   .            (no gloves)
SInv    .            h - +2 pair of boots
Will    .....        l - amulet of the acrobat Stlth
                     b - +4 ring of protection
HPRegen 1.11/turn    u - ring "Leptal" {rF+ Int+2 Dex+6}
MPRegen 0.15/turn

%: no teleportation, acrobat
@: acrobatic
A: sickness immunity, AC +8, negative energy resistance 1, electricity
resistance, torment resistance 1, petrification resistance
a: Renounce Religion, Heroism, Finesse


You were in a Gauntlet.
You worshipped Okawaru.
Okawaru was greatly pleased with you.
You visited 2 branches of the dungeon, and saw 13 of its levels.
You also visited: Gauntlet.

You collected 632 gold pieces.
You spent 258 gold pieces at shops.


Innate Abilities, Weirdness & Mutations

You are immune to sickness and miasma.
Your stone body is resilient. (AC +8)
You are immune to poison.
You resist negative energy. (rN+)
You are resistant to electric shocks. (rElec)
You are resistant to unholy torment.
You are immune to petrification.


   Skills:
 + Level 9.5 Fighting
 - Level 12.0 Axes
 - Level 2.3 Throwing
 - Level 4.0 Armour
 - Level 3.2 Dodging
 - Level 6.1 Shields
 + Level 6.9 Invocations


You had 10 spell levels left.
You didn't know any spells.
Your spell library was empty.

Inventory:

Hand Weapons
 r - a +1 spectral war axe (weapon)
 t - a +1 war axe of flaming
Missiles
 q - 3 boomerangs (quivered)
Armour
 c - +0 acid dragon scales
 e - the +0 scale mail "Vyarugh" (worn) {Regen+}
   (You found it on level 3 of the Dungeon)

   Regen:     It increases your rate of health regeneration.
 g - a +2 buckler (worn)
 h - a +2 pair of boots (worn)
 v - the +0 chain mail of Parts Unknown {Harm rN++}
   (You found it on level 10 of the Dungeon)

   rN:        It greatly protects you from negative energy.
   Harm:      It increases damage dealt and taken.
Jewellery
 b - a +4 ring of protection (left hand)
 l - an amulet of the acrobat (around neck)
 u - the ring "Leptal" (right hand) {rF+ Int+2 Dex+6}
   (You acquired it on level 14 of the Dungeon)

   [ring of dexterity]

   Int:       It affects your intelligence (+2).
   Dex:       It affects your dexterity (+6).
   rF:        It protects you from fire.
 w - a ring of resist corrosion
 Y - a ring of protection from fire
Scrolls
 a - 9 scrolls of teleportation
 p - a scroll of identify
Potions
 d - a potion of might
 f - a potion of mutation
 j - 2 potions of curing
 k - 2 potions of lignification
 m - 2 potions of heal wounds
 n - a potion of haste
 s - a potion of attraction

Dungeon Overview and Level Annotations

Branches:
Dungeon (14/15)            Temple (1/1) D:6            Lair (0/5) D:11
Gauntlet (1/1)
    Orc: D:9-12      Vaults: D:13-14

Altars:
Ashenzari
Cheibriados
Dithmenos
Elyvilon
Fedhas
Gozag
Hepliaklqana
Kikubaaqudgha
Makhleb
Nemelex Xobeh
Okawaru
Qazlal
Ru
Sif Muna
Trog
Uskayaw
Vehumet
Wu Jian
Xom
Yredelemnul
Zin
The Shining One

Shops:
D:3 :*:=(   D:5 (   D:7 *

Annotations:
D:7 1 runed translucent door Gauntlet 7 transporters


Message History

Enter note:
Enter note:
Enter note:
Enter note:
Enter note:
Enter note:
Enter note:
Enter note:
Enter note:
Enter note:
Enter note:
Enter note:
Enter note:
Enter note:
Enter note:
Enter note:
Enter note:
Enter note:
Enter note:
Enter note:
Enter note:
Enter note:
Enter note:
Enter note:
Enter note:
Enter note:
Enter note:
Enter note:
Enter note:
Enter note:
Enter note:
Enter note:
Enter note:
Enter note:
Enter note:
9468 ||| Stepping randomly (stuck).
The meliai simulacrum closely misses you.
The meliai simulacrum completely misses you.
The meliai simulacrum hits you. The meliai simulacrum freezes you!!
You die...

########...###########..###
.......¤¤~....#.^.#.....#8#
.......¤¤8~...#...#.8...###
........¤¤....#.^.#.....#
########...###########..###
.##5#..#.8.#.......Z.#..#8#
#.#..#P#...#.###ZZ.#.#..###
##.##.######...###...#..#
..#...##...#.#.Z@###.#..###
#^.#####^.^#.#.#^Z.#.#..#8#
###....#...#...###...#..###
.####.######.#...###.#..#
.#.##..#...#Z#.#...#.#..###
#.^[?..#.8.#Z..|^.!..#..#8#
########...###########..###
........................#
.......................~#


You could see a wolf spider simulacrum, a centaur warrior simulacrum and 2
meliai simulacra.

Vanquished Creatures
  A centaur warrior (D:14)
  A catoblepas (Gauntlet)
  2 two-headed ogres
  A manticore (D:14)
  An elephant (D:11)
  A gargoyle (Gauntlet)
  An eye of devastation (Gauntlet)
  An unseen horror (D:10)
  Maggie (D:7)
  2 hornets
  Prince Ribbit (D:7)
  2 wyverns (D:9)
  A yak (D:11)
  A steam dragon (D:6)
  A human (shapeshifter) (D:14)
  6 vampire mosquitoes
  2 floating eyes (Gauntlet)
  2 water moccasins (D:6)
  3 orc warriors
  3 ice beasts
  An ogre (D:5)
  2 black bears (D:11)
  A sky beast (D:7)
  9 centaurs
  A phantom (D:5)
  A kobold brigand (D:10)
  A gnoll sergeant (D:9)
  5 scorpions
  4 bullfrogs
  4 wights (D:9)
  5 killer bees (D:9)
  2 howler monkeys (D:11)
  3 gnoll boudas
  An orc priest (D:8)
  5 hounds
  2 sleepcaps
  3 iguanas (D:5)
  11 orc wizards
  14 gnolls
  4 adders
  A shadow imp (D:8)
  A white imp (D:8)
  3 ufetubi
  3 worms
  3 dart slugs
  27 orcs
  7 ball pythons
  3 endoplasms
  2 giant cockroaches
  9 goblins
  3 hobgoblins
  12 kobolds
  2 quokkas
  7 bats
  A frilled lizard (D:1)
  A goblin zombie (D:7)
  5 rats
203 creatures vanquished.

Notes
Turn   | Place    | Note
-------+----------+-------------------------------------------
     0 | D:1      | qw the Gargoyle Fighter began the quest for the Orb.
     0 | D:1      | Reached XP level 1. HP: 14/14 MP: 1/1
     0 | D:1      | 0 ||| qw: Version: 0.2-a-103-g5a998e5
     0 | D:1      | 0 ||| qw: Game counter: 1121
     0 | D:1      | 0 ||| qw: Always use a shield: true
     0 | D:1      | 0 ||| qw: God list: Okawaru
     0 | D:1      | 0 ||| qw: Allow faded altars: false
     0 | D:1      | 0 ||| qw: Do Orc after D:15 true
     0 | D:1      | 0 ||| qw: Do second Lair branch before Depths: true
     0 | D:1      | 0 ||| qw: Lair rune preference: random
     0 | D:1      | 0 ||| qw: Plans: Normal, Zot:1-4, Slime:5, God:TSO, Crypt,
                  | Tomb, Pan, Hells, Abyss, Win
     0 | D:1      | 0 ||| PLANNING D:1-11
   288 | D:1      | Reached skill level 2 in Axes
   415 | D:1      | 415 ||| Stepping ~*~*~tactically~*~*~ (stealth).
   419 | D:1      | Reached XP level 2. HP: 19/19 MP: 2/2
   858 | D:1      | 858 ||| UPGRADING to +2 buckler.
   868 | D:1      | 868 ||| DROPPING +0 buckler.
   869 | D:1      | 869 ||| READING 2 scrolls labelled RIEMAOFIMNETT.
   873 | D:1      | 873 ||| READING scroll labelled HUBLYNW ROPH.
   874 | D:1      | 874 ||| READING scroll labelled UGEUPU WUMIHERR.
   875 | D:1      | 875 ||| DROPPING +0 club.
  1105 | D:2      | Reached skill level 3 in Axes
  1237 | D:2      | Reached XP level 3. HP: 23/23 MP: 3/3
  1355 | D:2      | 1355 ||| DROPPING ring of flight.
  1356 | D:2      | 1356 ||| READING scroll labelled QORIMU RICEHU.
  1357 | D:2      | 1357 ||| READING scroll labelled ABISMU COIRIE.
  1358 | D:2      | 1358 ||| READING scroll labelled MAMIFO ALAU.
  1359 | D:2      | 1359 ||| DRINKING 2 fizzy clear potions.
  1360 | D:2      | 1360 ||| DROPPING potion of flight.
  1385 | D:3      | Found Baasch's Antique Weapon Boutique.
  1386 | D:3      | 1386 ||| Stepping ~*~*~tactically~*~*~ (hiding).
  1596 | D:3      | 1596 ||| READING scroll of brand weapon.
  1596 | D:3      | 1596 ||| BRANDING +1 war axe of flaming.
  1618 | D:3      | Identified the +0 scale mail "Vyarugh" {Regen+}
  1638 | D:3      | Found Buysh's Vocational Training.
  1659 | D:3      | 1659 ||| Stepping ~*~*~tactically~*~*~ (stealth).
  1660 | D:3      | 1660 ||| Stepping ~*~*~tactically~*~*~ (stealth).
  1677 | D:3      | Found Last's Book Shoppe.
  1684 | D:3      | 1684 ||| Stepping ~*~*~tactically~*~*~ (stealth).
  1770 | D:3      | Found Syit's Jewellery Shoppe.
  1780 | D:3      | 1780 ||| SHOPLISTING ring "Mamybb" {Ice Will+++} (720 gold,
                  | have 140).
  1780 | D:3      | 1780 ||| SHOPLISTING ring of resist corrosion (240 gold,
                  | have 140).
  1780 | D:3      | 1780 ||| SHOPLISTING ring of see invisible (180 gold, have
                  | 140).
  1780 | D:3      | 1780 ||| SHOPLISTING ring of willpower (300 gold, have
                  | 140).
  1816 | D:3      | Reached skill level 4 in Axes
  1816 | D:3      | Reached XP level 4. HP: 28/28 MP: 4/4
  1840 | D:3      | Found Tyno Ympe's General Store.
  1848 | D:3      | 1848 ||| SHOPLISTING +2 buckler of reflection (222 gold,
                  | have 143).
  1848 | D:3      | 1848 ||| BUYING scroll of brand weapon (114 gold).
  1848 | D:3      | Bought a scroll of brand weapon for 114 gold pieces
  1848 | D:3      | 1848 ||| BUYING scroll of identify (24 gold).
  1848 | D:3      | Bought a scroll of identify for 24 gold pieces
  1848 | D:3      | 1848 ||| READING scroll of brand weapon.
  1848 | D:3      | 1848 ||| BRANDING +1 heavy war axe.
  1990 | D:3      | 1990 ||| DROPPING +0 club.
  2028 | D:3      | 2028 ||| UPGRADING to +0 scale mail "Vyarugh" {Regen+}.
  2038 | D:3      | 2038 ||| DROPPING +0 scale mail.
  2039 | D:3      | 2039 ||| UPGRADING to +0 pair of boots.
  2044 | D:3      | 2044 ||| UPGRADING to amulet of the acrobat.
  2049 | D:3      | 2049 ||| READING scroll labelled QANURPH ORUA.
  2050 | D:3      | 2050 ||| READING scroll labelled VEHOCIXKE ULIPT.
  2051 | D:3      | 2051 ||| READING scroll labelled KOIMMI LANEID.
  2217 | D:4      | 2217 ||| Stepping ~*~*~tactically~*~*~ (hiding).
  2351 | D:4      | Noticed a scorpion
  2356 | D:4      | Killed a scorpion
  2357 | D:4      | Reached XP level 5. HP: 29/32 MP: 5/5
  2477 | D:4      | 2477 ||| Stepping ~*~*~tactically~*~*~ (stealth).
  2482 | D:4      | Reached skill level 5 in Axes
  2596 | D:4      | 2596 ||| Stepping ~*~*~tactically~*~*~ (hiding).
  2602 | D:4      | 2602 ||| Stepping ~*~*~tactically~*~*~ (hiding).
  2631 | D:4      | 2631 ||| DROPPING +0 whip.
  2649 | D:4      | Reached XP level 6. HP: 38/38 MP: 6/6
  2775 | D:4      | 2775 ||| Stepping ~*~*~tactically~*~*~ (stealth).
  2777 | D:4      | 2777 ||| Stepping ~*~*~tactically~*~*~ (stealth).
  2830 | D:4      | Reached skill level 1 in Dodging
  2835 | D:4      | 2835 ||| UPGRADING to +4 ring of protection.
  2836 | D:4      | 2836 ||| DRINKING 2 bubbling emerald potions.
  2840 | D:4      | 2840 ||| DROPPING potion of ambrosia.
  2852 | D:5      | Entered Level 5 of the Dungeon
  2890 | D:5      | 2890 ||| Stepping ~*~*~tactically~*~*~ (stealth).
  2898 | D:5      | Reached skill level 1 in Throwing
  2923 | D:5      | 2923 ||| Stepping ~*~*~tactically~*~*~ (stealth).
  2996 | D:5      | Reached skill level 6 in Axes
  2996 | D:5      | Reached XP level 7. HP: 33/43 MP: 7/7
  2998 | D:5      | 2998 ||| FLEEEEING.
  3203 | D:5      | 3203 ||| READING scroll of enchant armour.
  3203 | D:5      | 3203 ||| ENCHANTING +0 pair of boots.
  3228 | D:5      | 3228 ||| Stepping ~*~*~tactically~*~*~ (hiding).
  3252 | D:5      | Reached skill level 7 in Axes
  3291 | D:5      | 3291 ||| Stepping ~*~*~tactically~*~*~ (hiding).
  3302 | D:5      | Reached XP level 8. HP: 48/48 MP: 8/8
  3552 | D:5      | Found Gawuat's Weapon Boutique.
  3617 | D:5      | 3617 ||| Stepping ~*~*~tactically~*~*~ (hiding).
  3771 | D:5      | 3771 ||| READING scroll labelled GACOKEU KIHAPP.
  3772 | D:5      | 3772 ||| READING 4 scrolls of identify.
  3772 | D:5      | 3772 ||| IDENTIFYING murky green potion
  3773 | D:5      | 3773 ||| READING 3 scrolls of identify.
  3773 | D:5      | 3773 ||| IDENTIFYING silvery potion
  3774 | D:5      | 3774 ||| READING 2 scrolls of identify.
  3774 | D:5      | 3774 ||| IDENTIFYING bubbling black potion
  3775 | D:5      | 3775 ||| DROPPING potion of degeneration.
  3850 | D:6      | Found a hide-covered altar of Uskayaw.
  3953 | D:6      | Found a staircase to the Ecumenical Temple.
  3954 | D:6      | 3954 ||| PLANNING TEMPLE
  3967 | D:6      | Reached skill level 8 in Axes
  3993 | D:6      | 3993 ||| READING scroll labelled FALOCH FINY.
  3999 | Temple   | Entered the Ecumenical Temple
  4292 | Temple   | 4292 ||| PLANNING D:1-11
  4358 | D:6      | Reached skill level 6 in Fighting
  4389 | D:6      | Found an iron altar of Okawaru.
  4390 | D:6      | 4390 ||| PLANNING OKAWARU WORSHIP
  4393 | D:6      | Became a worshipper of Warmaster Okawaru
  4393 | D:6      | 4393 ||| PLANNING D:1-11
  4404 | D:6      | 4404 ||| Stepping ~*~*~tactically~*~*~ (hiding).
  4447 | D:6      | 4447 ||| Stepping ~*~*~tactically~*~*~ (stealth).
  4449 | D:6      | 4449 ||| Stepping ~*~*~tactically~*~*~ (stealth).
  4471 | D:6      | 4471 ||| Stepping ~*~*~tactically~*~*~ (hiding).
  4472 | D:6      | 4472 ||| Stepping ~*~*~tactically~*~*~ (hiding).
  4601 | D:6      | 4601 ||| READING scroll of brand weapon.
  4601 | D:6      | 4601 ||| BRANDING +1 war axe of freezing.
  4819 | D:6      | 4819 ||| READING 2 scrolls of identify.
  4819 | D:6      | 4819 ||| IDENTIFYING cyan potion
  4839 | D:7      | Noticed Maggie
  4848 | D:7      | Killed Maggie
  4848 | D:7      | Reached * piety under Okawaru
  4849 | D:7      | Reached skill level 9 in Axes
  4849 | D:7      | Reached XP level 9. HP: 40/55 MP: 9/9
  4887 | D:7      | 4887 ||| Stepping ~*~*~tactically~*~*~ (hiding).
  4895 | D:7      | Reached skill level 1 in Invocations
  5047 | D:7      | 5047 ||| INVOKING Heroism.
  5192 | D:7      | Found a runed translucent door.
  5203 | D:7      | Found a basalt altar of Yredelemnul.
  5269 | D:7      | Found Ketyech's Lightly-Used Armoury.
  5301 | D:7      | 5301 ||| BUYING -1 eveningstar (120 gold).
  5301 | D:7      | Bought a -1 eveningstar for 120 gold pieces
  5301 | D:7      | 5301 ||| SHOPLISTING -3 gold dragon scales (780 gold, have
                  | 103).
  5301 | D:7      | 5301 ||| DROPPING +0 flail.
  5331 | D:7      | Noticed Prince Ribbit
  5332 | D:7      | 5332 ||| INVOKING Heroism.
  5352 | D:7      | 5352 ||| INVOKING Heroism.
  5364 | D:7      | 5364 ||| INVOKING Heroism.
  5370 | D:7      | Killed Prince Ribbit
  5371 | D:7      | Reached skill level 3 in Invocations
  5599 | D:7      | Found an opulent altar of Gozag.
  5603 | D:7      | 5603 ||| READING 2 scrolls of identify.
  5603 | D:7      | 5603 ||| IDENTIFYING blue potion
  5631 | D:8      | 5631 ||| Stepping ~*~*~tactically~*~*~ (hiding).
  5632 | D:8      | 5632 ||| Stepping ~*~*~tactically~*~*~ (hiding).
  5633 | D:8      | 5633 ||| Stepping ~*~*~tactically~*~*~ (hiding).
  5634 | D:8      | 5634 ||| Stepping ~*~*~tactically~*~*~ (hiding).
  5636 | D:8      | 5636 ||| Stepping ~*~*~tactically~*~*~ (hiding).
  5637 | D:8      | 5637 ||| Stepping ~*~*~tactically~*~*~ (hiding).
  5638 | D:8      | 5638 ||| Stepping ~*~*~tactically~*~*~ (hiding).
  5663 | D:8      | 5663 ||| Stepping ~*~*~tactically~*~*~ (hiding).
  5671 | D:8      | 5671 ||| Stepping ~*~*~tactically~*~*~ (hiding).
  5676 | D:8      | 5676 ||| INVOKING Heroism.
  5742 | D:8      | 5742 ||| Stepping ~*~*~tactically~*~*~ (hiding).
  5744 | D:8      | 5744 ||| Stepping ~*~*~tactically~*~*~ (hiding).
  5747 | D:8      | 5747 ||| Stepping ~*~*~tactically~*~*~ (hiding).
  5748 | D:8      | 5748 ||| Stepping ~*~*~tactically~*~*~ (hiding).
  5749 | D:8      | 5749 ||| INVOKING Heroism.
  5768 | D:8      | 5768 ||| Stepping ~*~*~tactically~*~*~ (stealth).
  5810 | D:8      | 5810 ||| Stepping ~*~*~tactically~*~*~ (hiding).
  5811 | D:8      | 5811 ||| Stepping ~*~*~tactically~*~*~ (hiding).
  5835 | D:8      | 5835 ||| Stepping ~*~*~tactically~*~*~ (stealth).
  5837 | D:8      | 5837 ||| INVOKING Heroism.
  5911 | D:8      | Found a glowing silver altar of Zin.
  6000 | D:8      | 6000 ||| Stepping ~*~*~tactically~*~*~ (stealth).
  6002 | D:8      | 6002 ||| Stepping ~*~*~tactically~*~*~ (hiding).
  6176 | D:8      | 6176 ||| READING scroll of enchant armour.
  6176 | D:8      | 6176 ||| ENCHANTING +1 pair of boots.
  6266 | D:8      | Reached skill level 10 in Axes
  6444 | D:8      | 6444 ||| READING scroll labelled DIOCZO NIDUADI.
  6778 | D:8      | 6778 ||| DROPPING -1 eveningstar.
  7021 | D:9      | Reached XP level 10. HP: 64/64 MP: 13/13
  7097 | D:9      | Found an ancient bone altar of Kikubaaqudgha.
  7145 | D:9      | 7145 ||| INVOKING Heroism.
  7302 | D:9      | 7302 ||| Stepping ~*~*~tactically~*~*~ (stealth).
  7316 | D:9      | Reached ** piety under Okawaru
  7377 | D:9      | 7377 ||| Stepping ~*~*~tactically~*~*~ (stealth).
  7641 | D:9      | 7641 ||| DRINKING 2 fizzy amethyst potions.
  7680 | D:10     | Entered Level 10 of the Dungeon
  7766 | D:10     | 7766 ||| UPGRADING to ring of protection from fire.
  7769 | D:10     | 7769 ||| Stepping randomly (disturbance).
  7770 | D:10     | 7770 ||| Stepping randomly (disturbance).
  7770 | D:10     | Found a burning altar of Makhleb.
  7782 | D:10     | Killed an unseen horror
  7783 | D:10     | Reached skill level 11 in Axes
  7846 | D:10     | Found a stormy altar of Qazlal.
  7881 | D:10     | Identified the +0 chain mail of Parts Unknown {Harm rN++}
  7900 | D:10     | 7900 ||| INVOKING Heroism.
  7973 | D:10     | Noticed a two-headed ogre
  7974 | D:10     | 7974 ||| INVOKING Heroism.
  7981 | D:10     | Killed a two-headed ogre
  7981 | D:10     | Reached *** piety under Okawaru
  7982 | D:10     | Reached skill level 9 in Fighting
  8027 | D:10     | 8027 ||| Stepping ~*~*~tactically~*~*~ (hiding).
  8060 | D:10     | Found a sacrificial altar of Ru.
  8437 | D:10     | 8437 ||| READING 2 scrolls labelled WITTOBLEGHA.
  8438 | D:10     | 8438 ||| READING scroll labelled WEYCEAPNEA.
  8539 | D:10     | 8539 ||| DROPPING scroll of noise.
  8558 | D:11     | Noticed a two-headed ogre
  8559 | D:11     | 8559 ||| INVOKING Heroism.
  8563 | D:11     | Killed a two-headed ogre
  8563 | D:11     | Reached **** piety under Okawaru
  8564 | D:11     | Reached XP level 11. HP: 68/71 MP: 11/14
  8652 | D:11     | 8652 ||| Stepping ~*~*~tactically~*~*~ (stealth).
  8722 | D:11     | Found a staircase to the Lair.
  8723 | D:11     | 8723 ||| Stepping ~*~*~tactically~*~*~ (stealth).
  8731 | D:11     | 8731 ||| INVOKING Heroism.
  8737 | D:11     | Reached skill level 12 in Axes
  8928 | D:11     | You fall into a shaft and drop 3 floors!
  8929 | D:14     | 8929 ||| PLANNING GAUNTLET
  8956 | D:14     | Received a gift from Okawaru
  8977 | D:14     | Noticed a centaur warrior
  8978 | D:14     | 8978 ||| Stepping ~*~*~tactically~*~*~ (hiding).
  8981 | D:14     | 8981 ||| INVOKING Heroism.
  8983 | D:14     | 8983 ||| Stepping ~*~*~tactically~*~*~ (hiding).
  8987 | D:14     | Killed a centaur warrior
  8988 | D:14     | Reached skill level 6 in Invocations
  9095 | D:14     | Found a gate leading to a gauntlet.
  9095 | D:14     | Noticed a manticore
  9096 | D:14     | 9096 ||| INVOKING Heroism.
  9105 | D:14     | Killed a manticore
  9106 | D:14     | Reached skill level 6 in Shields
  9143 | D:14     | 9143 ||| READING scroll labelled JANGUE VUEDUOM.
  9143 | D:14     | Identified a scroll of acquirement
  9143 | D:14     | 9143 ||| ACQUIRING ring "Leptal" {rF+ Int+2 Dex+6}
  9143 | D:14     | Acquired the ring "Leptal" {rF+ Int+2 Dex+6}
  9145 | D:14     | 9145 ||| DROPPING ring of fire.
  9146 | D:14     | 9146 ||| UPGRADING to ring "Leptal" {rF+ Int+2 Dex+6}.
  9148 | D:14     | 9148 ||| READING 3 scrolls of identify.
  9148 | D:14     | 9148 ||| IDENTIFYING grey potion
  9152 | Gauntlet | Entered a Gauntlet
  9152 | Gauntlet | Noticed a catoblepas
  9152 | Gauntlet | Found a transporter.
  9152 | Gauntlet | Found a transporter.
  9161 | Gauntlet | Found a transporter.
  9173 | Gauntlet | Found a transporter.
  9186 | Gauntlet | Found a transporter.
  9196 | Gauntlet | Found a transporter.
  9211 | Gauntlet | Found a transporter.
  9217 | Gauntlet | Found a transporter.
  9231 | Gauntlet | Found a transporter.
  9232 | Gauntlet | Noticed a fire crab
  9248 | Gauntlet | Found a transporter.
  9252 | Gauntlet | Found a transporter.
  9255 | Gauntlet | Noticed a green death
  9292 | Gauntlet | Found a transporter.
  9334 | Gauntlet | 9334 ||| INVOKING Heroism.
  9338 | Gauntlet | Killed a catoblepas
  9339 | Gauntlet | Reached skill level 3 in Dodging
  9389 | Gauntlet | Paralysed by a floating eye for 2 turns
  9414 | Gauntlet | 9414 ||| INVOKING Heroism.
  9444 | Gauntlet | 9444 ||| READING 2 scrolls of identify.
  9444 | Gauntlet | 9444 ||| IDENTIFYING bubbling ruby potion
  9445 | Gauntlet | 9445 ||| DROPPING potion of brilliance.
  9454 | Gauntlet | 9454 ||| Stepping randomly (stuck).
  9455 | Gauntlet | 9455 ||| Stepping randomly (stuck).
  9456 | Gauntlet | 9456 ||| Stepping randomly (stuck).
  9457 | Gauntlet | 9457 ||| Stepping randomly (stuck).
  9458 | Gauntlet | 9458 ||| Stepping randomly (stuck).
  9459 | Gauntlet | 9459 ||| Stepping randomly (stuck).
  9460 | Gauntlet | 9460 ||| Stepping randomly (stuck).
  9461 | Gauntlet | 9461 ||| Stepping randomly (stuck).
  9462 | Gauntlet | 9462 ||| Stepping randomly (stuck).
  9463 | Gauntlet | 9463 ||| Stepping randomly (stuck).
  9464 | Gauntlet | 9464 ||| Stepping randomly (stuck).
  9465 | Gauntlet | 9465 ||| Stepping randomly (stuck).
  9466 | Gauntlet | 9466 ||| Stepping randomly (stuck).
  9467 | Gauntlet | 9467 ||| Stepping randomly (stuck).
  9468 | Gauntlet | 9468 ||| Stepping randomly (stuck).
  9468 | Gauntlet | Slain by a meliai simulacrum

Levels and vault maps discovered:
D:1:      sevenhm_arrival_forest_fort_small_6, layout_loops_corners
D:2:      layout_rooms, minmay_misc_feat_four_crosses
D:3:      layout_basic, serial_shops, nicolae_lakefront_shop,
          nicolae_shop_trees, nicolae_shop_trees, shop, nicolae_shop_vocational
D:4:      layout_loops_cross
D:5:      minmay_octagon_keep, layout_loops_ring, serial_shops, shop
D:6:      layout_loops_ring, mainiacjoe_overflow_six_doors_small,
          nicolae_uskayaw_dance_hall, temple_green
D:7:      layout_loops_ring, dk_yredelemnul_ordeal,
          nicolae_overflow_hidden_temple, minmay_shop_damaged,
          item_on_display_a, uniq_maggie, uniq_prince_ribbit1
D:8:      layout_layer_cave, zin_academy, minmay_fractal_squares_5
D:9:      layout_long_grid, kiku_gazebo_garden_becter
D:10:     layout_long_grid, kennysheep_mini,
          mainiacjoe_overflow_small_starburst, mainiacjoe_overflow_24_doors,
          serial_glass, glass_columns_a, glass_columns_b
D:11:     layout_basic, david_lair_generic
D:14:     layout_roguey, david_vaults_2, gauntlet_entry_generic,
          bh_hangedman_babel_library
Temple:   compressed_dpeg_triangle_lava_temple
Gauntlet: gammafunk_gauntlet_shortcut [gammafunk_gauntlet_arena_chambers,
          gammafunk_gauntlet_arena_crates, nicolae_gauntlet_arena_x,
          nicolae_gauntlet_swirl, nicolae_gauntlet_arena_grate_2,
          gammafunk_gauntlet_arena_mazey, gauntlet_exit_hidden_loot]

Skill      XL: |  1  2  3  4  5  6  7  8  9 10 11 |
---------------+----------------------------------+-----
Axes           | 2 3 4 5 6 7 9 10 11 12 | 12.0
Fighting       | 4 6 7 9 |  9.5
Dodging        | 1 2 3 |  3.2
Throwing       | 1 2 |  2.3
Invocations    | 4 6 |  6.9
Shields        | 4 5 6 |  6.1
Armour         | 4 |  4.0

Action                     |  1- 3 |  4- 6 |  7- 9 | 10-12 || total
---------------------------+-------+-------+-------+-------++-------
  Melee: War axe           |    98 |    95 |   199 |   167 ||   559
  Throw: Javelin           |       |     7 |    16 |       ||    23
         Boomerang         |       |       |    18 |    46 ||    64
 Invoke: Heroism           |       |       |     7 |     9 ||    16
    Use: Scroll            |     7 |     4 |    11 |     5 ||    27
         Potion            |     1 |     1 |       |     1 ||     3
   Stab: Distracted        |       |       |       |     3 ||     3
 Armour: Scale mail        |    46 |    39 |   102 |    87 ||   274
  Dodge: Dodged            |    47 |    36 |    93 |   117 ||   293
  Block: Buckler           |    23 |    20 |    63 |    58 ||   164

Table legend:
 A = Non-vault XP
 B = Vault XP
 C = Vault XP percentage of total XP
 D = Non-vault monster count
 E = Vault monster count
 F = Vault count percentage of total count
                 A         B        C        D         E       F
            +---------+---------+-------+---------+---------+-------
      Total |   10328 |    4648 |  31.0 |     173 |      30 |  14.8
            +---------+---------+-------+---------+---------+-------
        D:1 |      15 |       0 |   0.0 |       9 |       0 |   0.0
        D:2 |      30 |       0 |   0.0 |      11 |       0 |   0.0
        D:3 |      73 |       0 |   0.0 |      18 |       0 |   0.0
        D:4 |     262 |       0 |   0.0 |      28 |       0 |   0.0
        D:5 |     537 |     668 |  55.4 |      11 |      12 |  52.2
        D:6 |     755 |       0 |   0.0 |      11 |       0 |   0.0
        D:7 |     544 |     664 |  55.0 |      12 |       3 |  20.0
        D:8 |     696 |     401 |  36.6 |      15 |       6 |  28.6
        D:9 |    1748 |       0 |   0.0 |      23 |       0 |   0.0
       D:10 |    2235 |       0 |   0.0 |      23 |       0 |   0.0
       D:11 |    1667 |     918 |  35.5 |       7 |       4 |  36.4
       D:14 |    1766 |       0 |   0.0 |       5 |       0 |   0.0
   Gauntlet |       0 |    1997 | 100.0 |       0 |       5 | 100.0
            +---------+---------+-------+---------+---------+-------
